 Dungeon Crawl Stone Soup version 0.24.0-37-gcf1ca852f1 (webtiles) character file.

Game seed: 13659592073522427083, levelgen mode: deterministic

101618 Belius the Fencer (level 16, -4/134 HPs)
             Began as a Formicid Abyssal Knight on Dec 5, 2019.
             Was the Champion of Lugonu.
             Slain by an ettin
             ... wielding a +0 dire flail
              (11 damage)
             ... on level 2 of the Orcish Mines.
             The game lasted 02:00:39 (35107 turns).

Belius the Fencer (Formicid Abyssal Knight)        Turns: 35107, Time: 02:00:40

Health: -4/134     AC: 20    Str: 27    XL:     16   Next: 83%
Magic:  21/21      EV:  8    Int: 15    God:    Lugonu [******]
Gold:   2539       SH:  0    Dex: 13    Spells: 15/15 levels left

rFire    + . .     SeeInvis +   b - +9 great sword (distort)
rCold    + . .     Gourm    .   (no shield)
rNeg     + . .     Faith    .   g - +2 plate armour {rN+}
rPois    .         Spirit   .   (helmet unavailable)
rElec    .         Reflect  .   (no cloak)
rCorr    .         Harm     .   A - +0 pair of gloves
MR       +....                  (no boots)
Stlth    ..........             m - amulet of regeneration
HPRegen  0.72/turn              G - ring of the Robin {rF+ Str+4 Int+2}
MPRegen  0.17/turn              z - ring "Oluiwuna" {rC+ Dex+3}

@: no status effects
A: permanent stasis, dig shafts and tunnels, four strong arms, antennae 3
a: Dig, Shaft Self, Depart the Abyss, Bend Space, Banish, Corrupt, Enter the
Abyss, Renounce Religion


You were on level 2 of the Orcish Mines.
You worshipped Lugonu.
Lugonu was exalted by your worship.
You were not hungry.

You visited 3 branches of the dungeon, and saw 23 of its levels.
You visited the Abyss 1 time.
You also visited: Ice Cave and Volcano.

You collected 2899 gold pieces.
You spent 360 gold pieces at shops.

Inventory:

Hand Weapons
 a - a +2 falchion of electrocution
 b - a +9 great sword of distortion (weapon)
 f - a +1 great sword of flaming
 L - a +0 great sword
 Y - the +4 falchion of Medigumi {slice, *Noise rElec rF- Int+9}
   (You found it on level 5 of the Lair of Beasts)

   It inflicts extra damage upon your enemies.
   It affects your intelligence (+9).
   It makes you vulnerable to fire.
   It insulates you from electricity.
   It may make noises in combat.
Armour
 g - a +2 plate armour of positive energy (worn)
 q - a +2 chain mail of fire resistance
 A - a +0 pair of gloves (worn)
 N - +0 ice dragon scales
Jewellery
 i - an uncursed ring of protection from cold
 l - an uncursed ring of positive energy
 m - an amulet of regeneration (around neck)
 o - a +4 ring of intelligence
 r - an uncursed ring of flight
 s - the ring "Gaiwaeloip" {Wiz rElec Dex+2}
   (You took it off a centaur warrior on level 14 of the Dungeon)

   [ring of wizardry]

   It improves your spell success rate.
   It affects your dexterity (+2).
   It insulates you from electricity.
 u - a +4 amulet of reflection
 y - the ring of Kuxytul {rF- rC+ Dex+3 Slay+2 Stlth+}
   (You found it on level 5 of the Dungeon)

   [ring of protection from cold]

   It affects your dexterity (+3).
   It affects your accuracy and damage with ranged weapons and melee attacks
   (+2).
   It makes you vulnerable to fire.
   It protects you from cold.
   It makes you more stealthy.
 z - the ring "Oluiwuna" (right hand) {rC+ Dex+3}
   (You found it on level 14 of the Dungeon)

   [ring of protection from cold]

   It affects your dexterity (+3).
   It protects you from cold.
 C - the amulet "Warych" {Inacc MR+}
   (You found it on level 14 of the Dungeon)

   [amulet of inaccuracy]

   It reduces the accuracy of all your attacks.
   It affects your resistance to hostile enchantments.
 E - an uncursed ring of positive energy
 G - the ring of the Robin (left hand) {rF+ Str+4 Int+2}
   (You took it off a wizard on level 14 of the Dungeon)

   [ring of protection from fire]

   It affects your strength (+4).
   It affects your intelligence (+2).
   It protects you from fire.
 K - an uncursed ring of protection from magic
 O - a +4 ring of evasion
 Q - a cursed amulet of inaccuracy {unknown}
 Z - an uncursed ring of fire {unknown}
Wands
 B - a wand of enslavement (1)
 J - a wand of paralysis (28)
 R - a wand of random effects (44)
 S - a wand of acid (4)
 T - a wand of scattershot (3)
Scrolls
 d - 2 scrolls of silence
 e - 7 scrolls of enchant armour
 h - 8 scrolls of remove curse
 t - 2 scrolls of fog
 x - a scroll of torment
 D - 6 scrolls of magic mapping
 M - 7 scrolls of amnesia
 P - 3 scrolls of enchant weapon
 X - a scroll of vulnerability {unknown}
Potions
 j - 6 potions of mutation
 p - 4 potions of brilliance
 v - 2 potions of curing
 F - a potion of flight
 H - a potion of experience
 I - a potion of cancellation
 V - a potion of berserk rage {unknown}
Miscellaneous
 k - a lightning rod (4/4)
 w - a crystal ball of energy
Comestibles
 c - 39 rations
 n - 4 chunks of flesh


   Skills:
 + Level 14.7 Fighting
 + Level 18.6 Long Blades
 + Level 14.7 Armour
 - Level 1.1 Dodging
 + Level 7.2 Stealth
 + Level 7.0 Invocations
 + Level 2.6 Evocations


You had 15 spell levels left.
You didn't know any spells.
Your spell library contained the following spells:

 Spells                   Type           Power        Failure   Level  Hunger
 Animate Skeleton         Necr           N/A          87%         1    ##.....
 Corona                   Hex            #......      87%         1    ##.....
 Flame Tongue             Conj/Fire      #....        87%         1    ##.....
 Infusion                 Chrm           #...         87%         1    ##.....
 Magic Dart               Conj           #...         87%         1    ##.....
 Pain                     Necr           #...         87%         1    ##.....
 Summon Small Mammal      Summ           #...         87%         1    ##.....
 Call Imp                 Summ           #.......     95%         2    ###....
 Ensorcelled Hibernation  Hex/Ice        #.....       95%         2    ###....
 Shroud of Golubria       Chrm/Tloc      #.....       95%         2    ###....
 Slow                     Hex            #.......     95%         2    ###....
 Song of Slaying          Chrm           #.......     95%         2    ###....
 Throw Flame              Conj/Fire      #.....       95%         2    ###....
 Call Canine Familiar     Summ           #.......     99%         3    ####...
 Confuse                  Hex            #.......     99%         3    ####...
 Conjure Flame            Conj/Fire      #.......     99%         3    ####...
 Dazzling Spray           Conj/Hex       #.....       99%         3    ####...
 Inner Flame              Hex/Fire       #.......     99%         3    ####...
 Mephitic Cloud           Conj/Pois/Air  #.......     99%         3    ####...
 Portal Projectile        Hex/Tloc       #.....       99%         3    ####...
 Regeneration             Chrm/Necr      #.........   99%         3    ####...
 Spectral Weapon          Hex/Chrm       #.......     99%         3    ####...
 Summon Guardian Golem    Hex/Summ       #.......     99%         3    ####...
 Tukima's Dance           Hex            #.......     99%         3    ####...
 Vampiric Draining        Necr           #.........   99%         3    ####...
 Animate Dead             Necr           N/A          100%        4    #####..
 Cause Fear               Hex            #.........   100%        4    #####..
 Leda's Liquefaction      Hex/Erth       #.........   100%        4    #####..
 Sticky Flame             Conj/Fire      #.......     100%        4    #####..
 Summon Ice Beast         Ice/Summ       #.......     100%        4    #####..
 Summon Lightning Spire   Summ/Air       #.......     100%        4    #####..
 Bolt of Magma            Conj/Fire/Erth #.........   100%        5    ######.
 Fireball                 Conj/Fire      #.........   100%        5    ######.
 Iron Shot                Conj/Erth      #.........   100%        6    #######
 Statue Form              Tmut/Erth      #........    100%        6    #######
 Shatter                  Erth           #.........   100%        9    #######
 Blink                    Tloc           Unusable     N/A         2    N/A

Dungeon Overview and Level Annotations

Branches:
Dungeon (15/15)            Temple (0/1) D:4            Lair (6/6) D:10
  Swamp (0/4) Lair:3       Spider (0/4) Lair:4        Slime (0/5) Lair:6
    Orc (2/2) D:10            Elf (0/3) Orc:2        Vaults (0/5) D:14
 Depths (0/5) D:15          IceCv (visited)         Volcano (visited)

Altars:
Ashenzari
Cheibriados
Dithmenos
Elyvilon
Gozag
Trog
Uskayaw
Vehumet
Yredelemnul
Zin
The Shining One

Shops:
D:5 !   D:7 *   D:10 }   D:14 *   Orc:2 (

Portals:
Trove: D:11 (give +5 demon whip)

Annotations:
D:15 2 transporters, Vochiuc's ghost, adept DEFE


Innate Abilities, Weirdness & Mutations

You cannot be hasted, slowed, berserked, paralysed or teleported.
You can dig through walls and to a lower floor.
Your four strong arms can wield two-handed weapons with a shield.
You have a pair of large antennae on your head. (SInv)


Message History

The ettin is severely wounded.
The ettin hits you with a +0 dire flail!!
The ettin misses you.
You hit the ettin.
Space warps horribly around the ettin!
The ettin is almost dead.
The ettin hits you with a +0 dire flail!!
The ettin hits you with a +0 great mace!!!
* * * LOW HITPOINT WARNING * * *
Okay, then.
Okay, then.
Okay, then.
Okay, then.
You extend your mandibles.
You dig through the rock wall.
You dig through the rock wall.
You dig through the rock wall.
You dig through the rock wall.
You dig through the rock wall.
The ettin hits you with a +0 dire flail!
You die...

##........##.....T#.##{{
. ##.#............#)##
####..........###(# {
#...........##.##
##......#####.##
##.#....####T##
#...#..#.##.##
##.###.###C## ###
#.##@## ######


You could see an ettin and a troll.

Vanquished Creatures
  Jorgrun (Orc:1)
  Gastronok (Lair:2)
  Nessos (Lair:4)
  Snorg (Lair:6)
  Josephine (Orc:1)
  3 ice dragons
  3 hydras
  Fannar (Lair:2)
  A vault guard (D:14)
  6 centaur warriors (D:14)
  A catoblepas (Lair:6)
  An ogre mage (Orc:1)
  12 two-headed ogres
  4 death yaks
  A deep troll shaman (Lair:6)
  A tengu warrior (D:14)
  An orc high priest (Orc:2)
  3 skeletal warriors
  2 unseen horrors
  A deep troll (D:14)
  Pikel (D:6)
  A necromancer (D:14)
  3 wizards
  4 orc knights
  2 anaconda skeletons (Volcano)
  4 cyclopes
  11 ugly things
  3 manticores
  2 deep elf magi
  A wolf spider (D:15)
  2 orc sorcerers
  4 black mambas
  2 ice statues (IceCv)
  4 torpor snails
  14 elephants
  5 spiny frogs
  5 gargoyles
  3 rime drakes
  5 komodo dragons
  2 kobold demonologists (D:12)
  3 yaktaurs
  6 trolls
  A polar bear (Lair:6)
  3 blink frogs (Lair:6)
  4 hippogriffs
  2 hornets
  6 slime creatures
  A raiju (shapeshifter) (D:14)
  3 flying skulls (Volcano)
  2 redbacks
  A vampire (D:13)
  47 yaks
  2 shadows (D:14)
  8 wraiths
  4 wyverns
  13 humans (D:14)
  A steam dragon (D:11)
  3 basilisks
  A chaos spawn (D:12)
  4 hungry ghosts
  3 vampire mosquitoes (D:15)
  8 wargs
  5 porcupines
  4 water moccasins
  14 orc warriors
  3 black bears
  An eye of draining (D:15)
  2 slaves (D:6)
  3 sky beasts
  17 ice beasts
  2 phantoms (D:13)
  A necrophage (D:8)
  20 ogres
  A centaur (D:14)
  9 crocodiles
  6 wolves
  23 bullfrogs
  4 big kobolds (D:12)
  A gnoll sergeant (D:9)
  5 scorpions
  A wyvern skeleton (D:8)
  11 killer bees
  12 electric eels
  A howler monkey (D:9)
  9 wights
  A troll skeleton (Volcano)
  7 crimson imps
  3 centaur zombies
  A quasit (D:12)
  2 bullfrog zombies (D:10)
  10 orc priests
  3 centaur skeletons
  9 hounds
  9 jellies
  A gnoll shaman (D:3)
  An iron imp (D:12)
  21 orc wizards
  4 iguanas
  5 bullfrog skeletons
  5 hell rats (Lair:6)
  17 worker ants
  2 naga skeletons (Volcano)
  A hound zombie (D:5)
  A hound skeleton (D:10)
  A worker ant zombie (D:11)
  A howler monkey zombie (D:5)
  Robin (D:3)
  13 adders
  16 gnolls
  7 river rats (Lair:6)
  3 shadow imps
  12 white imps (Lair:2)
  11 oozes
  2 adder zombies
  4 worms
  2 dart slugs (D:1)
  9 leopard geckos
  54 orcs
  3 giant cockroaches
  10 hobgoblins
  10 jackals
  4 quokkas
  7 bats
  6 frilled lizards
  14 goblins
  2 jackal skeletons
  A jackal zombie (D:6)
  16 kobolds
  A quokka zombie (D:8)
  13 rats
  A plant (Lair:6)
732 creatures vanquished.

Vanquished Creatures (collateral kills)
  A two-headed ogre (D:9)
  An orc priest (D:11)
  An orc wizard (D:11)
  2 orcs (D:11)
5 creatures vanquished.

Vanquished Creatures (others)
  An ice dragon (IceCv)
  A vault guard (D:14)
  2 hydras
  A centaur warrior (D:14)
  2 skeletal warriors (D:15)
  An unseen horror (D:15)
  A deep troll (Orc:2)
  An orc knight (D:14)
  2 ugly things (D:15)
  2 elephants
  A centaur zombie (D:14)
  A centaur skeleton (D:15)
  A komodo dragon (Lair:3)
  A polar bear (Lair:4)
  3 trolls (Orc:2)
  2 yaks
  A basilisk (D:14)
  2 humans (D:14)
  An ogre (Orc:2)
  2 bullfrogs
  2 gnolls (D:6)
  An orc (Orc:2)
  A bush (Lair:2)
  3 fungi
  6 plants
42 creatures vanquished.

Grand Total: 779 creatures vanquished

Notes
Turn   | Place    | Note
-------+----------+-------------------------------------------
     0 | Abyss:1  | Belius the Formicid Abyssal Knight began the quest for the
                  | Orb.
     0 | Abyss:1  | Reached XP level 1. HP: 18/18 MP: 2/2
   134 | Abyss:1  | Noticed a hell knight
   135 | Abyss:1  | Noticed a ynoxinul
   137 | D:1      | Escaped the Abyss
   484 | D:1      | Reached XP level 2. HP: 25/25 MP: 3/3
   548 | D:1      | Reached * piety under Lugonu
   601 | D:1      | Reached XP level 3. HP: 29/30 MP: 4/4
   604 | D:1      | Reached skill level 1 in Dodging
  1406 | D:2      | Reached XP level 4. HP: 36/37 MP: 5/5
  1975 | D:2      | Found a basalt altar of Yredelemnul.
  2372 | D:3      | Noticed Robin
  2397 | D:3      | Killed Robin
  2397 | D:3      | Reached skill level 3 in Long Blades
  2397 | D:3      | Reached XP level 5. HP: 35/43 MP: 6/6
  2424 | D:3      | Reached ** piety under Lugonu
  2552 | D:3      | Found a faded altar of an unknown god.
  3353 | D:3      | Found a white marble altar of Elyvilon.
  3439 | D:3      | Reached skill level 4 in Long Blades
  3439 | D:3      | Reached XP level 6. HP: 43/50 MP: 7/7
  3922 | D:4      | Noticed a +0 dagger
  3922 | D:4      | Noticed a +0 dagger
  3925 | D:4      | Found a hide-covered altar of Uskayaw.
  4194 | D:4      | Reached skill level 5 in Fighting
  4495 | D:4      | Found a staircase to the Ecumenical Temple.
  4512 | D:4      | Reached XP level 7. HP: 35/56 MP: 8/8
  4857 | D:4      | Found a shattered altar of Ashenzari.
  4969 | D:4      | Found a bloodstained altar of Trog.
  4979 | D:4      | Reached skill level 1 in Stealth
  5000 | D:4      | Reached skill level 5 in Long Blades
  5195 | D:5      | Entered Level 5 of the Dungeon
  5283 | D:5      | Found Tialeycu's Distillery.
  5346 | D:5      | Found a glowing silver altar of Zin.
  5473 | D:5      | Reached *** piety under Lugonu
  5625 | D:5      | Found a shadowy altar of Dithmenos.
  5808 | D:5      | Got a faintly glowing bone ring
  5878 | D:5      | Reached XP level 8. HP: 27/64 MP: 10/10
  6644 | D:5      | Bought a potion of heal wounds for 60 gold pieces
  6644 | D:5      | Bought a potion of curing for 36 gold pieces
  6644 | D:5      | Bought 2 potions of might for 96 gold pieces
  6677 | D:5      | Identified the ring of Kuxytul {rF- rC+ Dex+3 Slay+2
                  | Stlth+} (You found it on level 5 of the Dungeon)
  7057 | D:6      | Reached skill level 6 in Long Blades
  7097 | D:6      | Reached skill level 5 in Stealth
  7365 | D:6      | Reached skill level 5 in Armour
  7632 | D:6      | Reached XP level 9. HP: 36/71 MP: 11/11
  8038 | D:6      | Reached **** piety under Lugonu
  8107 | D:6      | Noticed Pikel
  8134 | D:6      | Killed Pikel
  8134 | D:6      | Reached skill level 7 in Long Blades
  9051 | D:7      | Reached skill level 8 in Long Blades
  9490 | D:7      | Found Yssudy's General Store.
 10203 | D:7      | Reached XP level 10. HP: 74/79 MP: 11/13
 10668 | D:8      | Found a glowing golden altar of the Shining One.
 10692 | D:8      | Reached skill level 9 in Long Blades
 10939 | D:8      | Reached skill level 5 in Invocations
 11985 | D:5      | Bought 2 potions of curing for 72 gold pieces
 11985 | D:5      | Bought a potion of mutation for 96 gold pieces
 12269 | D:9      | Reached ***** piety under Lugonu
 12460 | D:9      | Noticed a two-headed ogre
 12580 | D:9      | Noticed a two-headed ogre
 12989 | D:9      | Found an opulent altar of Gozag.
 13051 | D:9      | Killed a two-headed ogre
 13051 | D:9      | Reached skill level 1 in Evocations
 13070 | D:9      | Killed a two-headed ogre
 13300 | D:10     | Entered Level 10 of the Dungeon
 13359 | D:10     | Reached XP level 11. HP: 76/86 MP: 15/15
 13511 | D:10     | Reached skill level 10 in Long Blades
 15650 | D:10     | Found a staircase to the Orcish Mines.
 17059 | D:10     | Found Nataca's Gadget Boutique.
 17436 | D:10     | Found a staircase to the Lair.
 17896 | D:11     | Noticed a manticore
 17906 | D:11     | Killed a manticore
 17906 | D:11     | Reached skill level 11 in Long Blades
 18144 | D:11     | Noticed a two-headed ogre
 18472 | D:11     | Noticed a two-headed ogre
 18592 | D:11     | Found a portal to a secret trove of treasure.
 19211 | D:12     | Noticed a two-headed ogre
 20254 | D:12     | Reached XP level 12. HP: 90/95 MP: 16/16
 20713 | D:12     | Noticed a soul eater
 20723 | D:12     | Noticed a sun demon
 20825 | D:12     | Reached skill level 12 in Long Blades
 20852 | D:12     | Noticed a sun demon
 21034 | D:13     | Found a basalt altar of Yredelemnul.
 21052 | D:13     | Reached skill level 10 in Armour
 21509 | D:13     | You fall into a shaft and drop 1 floor!
 21551 | D:14     | Reached skill level 10 in Fighting
 21563 | D:14     | Reached ****** piety under Lugonu
 21661 | D:14     | Identified a +9 great sword of distortion (a +8 great sword
                  | corrupted by Lugonu)
 21661 | D:14     | Received a gift from Lugonu
 21667 | D:14     | Noticed a tengu warrior
 21682 | D:14     | Killed a tengu warrior
 21792 | D:14     | Noticed an unseen horror
 21793 | D:14     | Found a runed translucent door.
 21793 | D:14     | Found a runed translucent door.
 21793 | D:14     | Noticed a centaur warrior
 21799 | D:14     | Noticed a centaur warrior
 21799 | D:14     | Noticed a centaur warrior
 21810 | D:14     | Killed a centaur warrior
 21812 | D:14     | Killed a centaur warrior
 21812 | D:14     | Reached skill level 13 in Long Blades
 21814 | D:14     | Noticed a centaur warrior
 21839 | D:14     | Killed a centaur warrior
 21839 | D:14     | Reached XP level 13. HP: 30/104 MP: 18/18
 21872 | D:14     | Noticed a centaur warrior
 21874 | D:14     | Identified the ring "Gaiwaeloip" {Wiz rElec Dex+2}
 21874 | D:14     | Noticed a centaur warrior
 21878 | D:14     | Banished a centaur warrior
 22384 | D:14     | Identified the ring of the Robin {rF+ Str+4 Int+2}
 22519 | D:14     | Got a pitted granite ring
 22522 | D:14     | Identified the ring "Oluiwuna" {rC+ Dex+3} (You found it on
                  | level 14 of the Dungeon)
 22530 | D:14     | Got a fine graven amulet
 22532 | D:14     | Identified the amulet "Warych" {Inacc MR+} (You found it on
                  | level 14 of the Dungeon)
 22725 | D:14     | Found Dowolixt's Pet Rocks.
 22761 | D:14     | Reached skill level 14 in Long Blades
 22910 | D:14     | Noticed a centaur warrior
 22918 | D:14     | Killed a centaur warrior
 23501 | D:14     | Noticed a vault guard
 23520 | D:14     | Banished a vault guard
 23611 | D:14     | Noticed a vault guard
 23786 | D:14     | Noticed a vault guard
 23816 | D:14     | Killed a vault guard
 23889 | D:14     | Found a gate to the Vaults.
 24042 | D:14     | Killed a centaur warrior
 24198 | D:15     | Entered Level 15 of the Dungeon
 24329 | D:15     | Reached XP level 14. HP: 113/113 MP: 19/19
 24364 | D:15     | Reached skill level 15 in Long Blades
 24599 | D:15     | Found a transporter.
 24601 | D:15     | Noticed Vochiuc's ghost (adept DEFE)
 24914 | D:15     | Found a transporter.
 25606 | D:15     | Found a staircase to the Depths.
 25907 | D:14     | Reached skill level 16 in Long Blades
 27324 | Lair:1   | Entered Level 1 of the Lair of Beasts
 27354 | Lair:1   | Reached XP level 15. HP: 91/122 MP: 20/20
 28413 | Lair:2   | Found a frozen archway.
 28456 | IceCv    | Entered an ice cave
 29260 | Lair:2   | Noticed Fannar
 29268 | Lair:2   | Killed Fannar
 29268 | Lair:2   | Reached skill level 17 in Long Blades
 29291 | Lair:2   | Noticed Gastronok
 29390 | Lair:2   | Killed Gastronok
 29658 | Lair:3   | Found a staircase to the Swamp.
 30295 | Lair:3   | Found a dark tunnel.
 30322 | Volcano  | Entered a volcano
 30890 | Lair:4   | Noticed Nessos
 30914 | Lair:4   | Killed Nessos
 31283 | Lair:4   | Found a hole to the Spider Nest.
 32350 | Lair:5   | Found a snail-covered altar of Cheibriados.
 32386 | Lair:5   | Got a faintly glowing falchion
 32389 | Lair:5   | Identified the +4 falchion of Medigumi {slice, *Noise rElec
                  | rF- Int+9} (You found it on level 5 of the Lair of Beasts)
 32513 | Lair:5   | Reached XP level 16. HP: 129/132 MP: 21/21
 32766 | Lair:6   | Entered Level 6 of the Lair of Beasts
 33081 | Lair:6   | Noticed Snorg
 33153 | Lair:6   | Killed Snorg
 33296 | Lair:6   | Reached skill level 18 in Long Blades
 33535 | Lair:6   | Found a staircase to the Slime Pits.
 33994 | Orc:1    | Entered Level 1 of the Orcish Mines
 34055 | Orc:1    | Noticed Josephine
 34066 | Orc:1    | Killed Josephine
 34174 | Orc:1    | Noticed Jorgrun
 34206 | Orc:1    | HP: 3/134 [Jorgrun/iron shot (38)]
 34208 | Orc:1    | Killed Jorgrun
 34804 | Orc:2    | Entered Level 2 of the Orcish Mines
 34815 | Orc:2    | Found a radiant altar of Vehumet.
 34827 | Orc:2    | Found a staircase to the Elven Halls.
 35048 | Orc:2    | Found Iwyimab's Antique Weapon Emporium.
 35101 | Orc:2    | HP: 2/134 [ettin/+0 dire flail (40)]
 35107 | Orc:2    | Slain by an ettin

Levels and vault maps discovered:
D:1:      dpeg_arrival_castle, layout_basic
D:2:      layout_loops_corners, nicolae_overflow_hidden_temple
D:3:      layout_basic, elyvilon_altar_1, chequers_ecumenical_altar_island,
          uniq_robin
D:4:      layout_rooms, ashenzari_altar_1, dancing_weapons_uskayaw,
          minmay_temple_entry_arrows, first_ration, trog_butcher_becter
D:5:      layout_cave_pods, nicolae_dithmenos_shadow_blocks,
          lemuel_crystal_altar, serial_shops, nicolae_shop_statue_plus,
          gup_sewer_entry_spiral
D:6:      layout_loops_ring, serial_glass, glass_columns_a, glass_columns_c,
          kennysheep_generic_room_5, uniq_pikel
D:7:      layout_basic, serial_shops, kennysheep_mini,
          minmay_a_box_with_orc_wizards_in_it
D:8:      layout_rooms, nicolae_overflow_crystal_walls
D:9:      layout_roguey, nicolae_gozag_cash_rules_everything_around_me
D:10:     layout_loops_ring, erik_lair_island, david_orc_3, serial_shops, shop
D:11:     layout_loops_corners, nicolae_trove_entry_free_sample,
          hangedman_little_slice_of_home
D:12:     kennysheep_demon_hangout, layout_stronghold, minmay_unpleasant_kobolds
D:13:     layout_gridville, basic_altar, chequers_serial_rivers_micro_c,
          hex_medium, minmay_misc_feat_diagonals
D:14:     minmay_the_grid_triangle_9x9_recursive_3_mashed
          [minmay_the_grid_triangle_9x9_intruding_spiral,
          minmay_the_grid_triangle_9x9_thin_v,
          minmay_the_grid_triangle_9x9_tough_junction,
          minmay_the_grid_triangle_9x9_prize_special,
          minmay_the_grid_triangle_9x9_wacky_v,
          minmay_the_grid_triangle_9x9_windchime,
          minmay_the_grid_triangle_9x9_empty,
          minmay_the_grid_triangle_9x9_zippers_vertical,
          minmay_the_grid_triangle_9x9_checkered], layout_stronghold,
          grunt_vaults_entry_tiered, serial_bayou_pond_e, nrook_mini_vaults,
          guppyfry_shop_earth
D:15:     grunt_enter_depths_hoard, layout_cross, gammafunk_ghost_stat_death
Lair:1:   layout_layer_cave, beast_lair_carwin_2, lemuel_fruit_tree
Lair:2:   layout_roguey, portal_ice_cave_entry_imps, st_stairs_13,
          lemuel_fruit_fields, uniq_fannar, uniq_gastronok
Lair:3:   layout_cave_shapes, minmay_swamp_entry_eels, enter_volcano_2
Lair:4:   layout_cave_pods, spider_nest_entry_rubble,
          cheibrodos_lair_reptile_den, uniq_nessos
Lair:5:   layout_misc_corridors, basic_altar, serial_bayou_crossing
Lair:6:   grunt_lair_end_beastmaster, layout_hall_layers,
          nicolae_slime_entry_slimehenge, kennysheep_abandoned_house,
          grunt_megastairs_3, uniq_snorg
Orc:1:    layout_caves, uniq_jorgrun, uniq_josephine
Orc:2:    st_orc_open, layout_diamond_mine, basic_altar,
          gammafunk_ghost_berserking_beasts

Skill      XL: |  1  2  3  4  5  6  7  8  9 10 11 12 13 14 15 16 |
---------------+-------------------------------------------------+-----
Fighting       | 4 5 6 7 8 9 10 11 12 13 14 | 14.7
Dodging        | 1 |  1.1
Armour         | 3 4 5 6 7 9 10 12 14 | 14.7
Long Blades    | 3 4 5 6 8 9 11 13 14 16 17 18 | 18.6
Stealth        | 3 5 6 7 |  7.2
Invocations    | 3 4 6 7 |  7.0
Evocations     | 1 2 |  2.6

Action                   |  1- 3 |  4- 6 |  7- 9 | 10-12 | 13-15 | 16-18 || total
-------------------------+-------+-------+-------+-------+-------+-------++-------
Melee: Falchion          |    98 |   259 |   656 |   820 |       |       ||  1833
       Great sword       |       |       |       |   378 |   816 |   346 ||  1540
Invok: Depart the Abyss  |     1 |       |       |       |       |       ||     1
       Bend Space        |       |       |     2 |    17 |       |       ||    19
       Brand Weapon With |       |       |       |     1 |       |       ||     1
 Abil: Dig               |       |     1 |     5 |    27 |    30 |    20 ||    83
Evoke: Wand              |       |       |     4 |    19 |    11 |     3 ||    37
       Lightning rod     |       |       |       |     5 |     3 |       ||     8
  Use: Scroll            |     1 |     3 |     6 |    11 |     7 |     1 ||    29
       Potion            |       |       |     4 |    13 |     6 |     8 ||    31
 Stab: Paralysed         |       |       |     5 |     1 |     1 |       ||     7
       Distracted        |       |       |     1 |       |       |       ||     1
       Invisible         |       |       |       |     8 |       |       ||     8
  Eat: Chunk             |     2 |     7 |    15 |    17 |    29 |    10 ||    80
       Ration            |       |     1 |     1 |    12 |     3 |       ||    17
Armor: Plate armour      |    83 |   207 |   420 |   691 |   408 |   168 ||  1977
       Skin              |       |       |       |     7 |       |       ||     7
       Ice dragon scales |       |       |       |       |    18 |       ||    18
       Chain mail        |       |       |       |       |    12 |       ||    12
Dodge: Dodged            |    36 |    72 |   151 |   336 |   241 |   101 ||   937
Block: Other             |       |       |    61 |   117 |       |       ||   178
       Rpst.: Falchion   |    12 |    23 |    54 |    60 |       |       ||   149
       Great sword       |       |       |       |    36 |    53 |    29 ||   118
